 Dungeon Crawl Stone Soup version 0.23.1-37-gaa34b87b72 (webtiles) character file.

Game seed: 106339304296892796

31 Marnok the Twirler (level 3, -7/27 HPs)
             Began as a Demonspawn Gladiator on Mar 24, 2019.
             Mangled by Natasha (9 damage)
             ... on level 1 of the Dungeon.
             The game lasted 00:04:59 (1026 turns).

Marnok the Twirler (Demonspawn Gladiator)           Turns: 1026, Time: 00:05:00

Health: -7/27      AC:  5    Str: 14    XL:     3   Next: 7%
Magic:  3/3        EV: 13    Int:  9    God:
Gold:   111        SH:  0    Dex: 15    Spells: 2/2 levels left

rFire    . . .     SeeInvis .   a - +0 quarterstaff
rCold    . . .     Gourm    .   (shield currently unavailable)
rNeg     . . .     Faith    .   b - +0 leather armour
rPois    .         Spirit   .   (helmet restricted)
rElec    .         Reflect  .   (no cloak)
rCorr    .         Harm     .   i - +1 pair of gloves
MR       .....                  (no boots)
Stlth    +.........             (no amulet)
HPRegen  0.09/turn              (no ring)
MPRegen  0.08/turn              (no ring)

@: slowed, very slow
A: antennae 1
a: no special abilities


You were on level 1 of the Dungeon.
You were not hungry.

You visited 1 branch of the dungeon, and saw 2 of its levels.

You collected 111 gold pieces.

Inventory:

Hand Weapons
 a - a +0 quarterstaff (weapon)
 g - a +0 hunting sling
Missiles
 d - 3 throwing nets (quivered)
 h - 43 stones
Armour
 b - a +0 leather armour (worn)
 c - a +0 helmet
 i - a +1 pair of gloves (worn)
Scrolls
 j - 2 scrolls of remove curse
Potions
 e - a potion of curing
Comestibles
 f - 3 rations


   Skills:
 + Level 2.1 Fighting
 + Level 3.3 Staves
 + Level 1.8 Throwing
 + Level 0.2 Armour
 + Level 3.1 Dodging


You had 2 spell levels left.
You didn't know any spells.
Your spell library was empty.

Dungeon Overview and Level Annotations

Branches:
Dungeon (2/15)

Altars:

Annotations:
D:1 Natasha


Innate Abilities, Weirdness & Mutations

You have a pair of small antennae on your head.


Message History

The adder completely misses you.
Natasha stares at you and mumbles some strange words.
You feel yourself slow down. The adder bites you.
There is a stone staircase leading up here.
You miss the adder. The adder barely misses you. The worm bites you!
The adder bites you. The adder bites you but does no damage.
Natasha casts a spell at you. The magic dart hits you!
* * * LOW HITPOINT WARNING * * *
The adder closely misses you. The worm bites you but does no damage.
Natasha closely misses you.
You climb upwards.
There is a stone staircase leading down here.
The adder closely misses you. Natasha closely misses you.
The adder barely misses you. The adder barely misses you. Natasha claws you.
* * * LOW HITPOINT WARNING * * *
The adder misses you. Natasha claws you!
You die...

##.'.<.'.....................####
####...##....................# #.
..#######......#...#........####.
#............#.##..........#.....
####..............##.....#...####
##..........................#####
#..#..................##..#......
.....#....^...........รท...#######
.########.#.#...@......#.## ### .#
#.#....wSh...#.#.# ##.. ##
##...###......#...#####..# #
#)...##.......###.##....##
#.........>...# #.##.####
#....###.....(###....# #...##
#..........#### ##...#
##....###### #...## #.####


You could see a worm, Natasha and an adder.

Vanquished Creatures
  2 oozes (D:1)
  A dart slug (D:1)
  A giant cockroach (D:1)
  3 goblins (D:1)
  3 hobgoblins (D:1)
  A ball python (D:1)
  3 bats (D:1)
  A frilled lizard (D:1)
  4 kobolds (D:1)
  2 rats (D:1)
21 creatures vanquished.

Notes
Turn   | Place    | Note
-------+----------+-------------------------------------------
     0 | D:1      | Marnok the Demonspawn Gladiator began the quest for the
                  | Orb.
     0 | D:1      | Reached XP level 1. HP: 16/16 MP: 1/1
    74 | D:1      | Gained mutation: You have a pair of small antennae on your
                  | head. [demonic ancestry]
    74 | D:1      | Reached XP level 2. HP: 9/22 MP: 2/2
   802 | D:2      | Noticed Natasha
   819 | D:1      | Reached XP level 3. HP: 27/27 MP: 3/3
  1026 | D:1      | Mangled by Natasha

Skill      XL: |  1 |
---------------+----+-----
Staves         | 3 |  3.3
Dodging        | 3 |  3.1
Fighting       | |  2.1
Throwing       | |  1.8
Armour         | |  0.2

Action                   || total
-------------------------++-------
Melee: Quarterstaff      ||    65
  Use: Scroll            ||     4
Armor: Leather armour    ||    33
Dodge: Dodged            ||    64
